 Dungeon Crawl Stone Soup version 0.26.1-2-gb8aa6d0cf2 (webtiles) character file.

Game seed: 4501823862239349611

492 Amaterasu the Slasher (level 6, -1/51 HPs)
             Began as a Demonspawn Fighter on Feb 16, 2021.
             Was an Initiate of Makhleb.
             Slain by an ogre
             ... wielding a +0 giant club
              (7 damage)
             ... on level 4 of the Dungeon.
             The game lasted 00:04:47 (3815 turns).

Amaterasu the Slasher (Demonspawn Fighter)          Turns: 3815, Time: 00:04:47

Health: -1/51      AC:  9    Str: 19    XL:     6   Next: 91%
Magic:  6/6        EV:  7    Int:  9    God:    Makhleb [......]
Gold:   200        SH:  9    Dex: 12    Spells: 5/5 levels left

rFire    + . .     SeeInvis .   a - +1 long sword
rCold    . . .     Faith    +   c - +0 kite shield
rNeg     . . .     Spirit   .   b - +0 scale mail
rPois    .         Reflect  .   (no helmet)
rElec    .         Harm     .   j - +2 cloak
rCorr    .         Rampage  .   (no gloves)
Will     .....                  (no boots)
Stlth    ..........             p - amulet of faith
HPRegen  0.17/turn              f - ring of protection from fire
MPRegen  0.10/turn              (no ring)

@: no status effects
A: powered by pain 2
a: Renounce Religion


You were on level 4 of the Dungeon.
You worshipped Makhleb.
Makhleb was noncommittal.
You visited 1 branch of the dungeon, and saw 5 of its levels.

You collected 200 gold pieces.

Inventory:

Hand Weapons
 a - a +1 long sword (weapon)
Armour
 b - a +0 scale mail (worn)
 c - a +0 kite shield (worn)
 j - a +2 cloak (worn)
 k - a +0 chain mail
Jewellery
 f - a ring of protection from fire (left hand)
 p - an amulet of faith (around neck)
Scrolls
 l - a scroll of enchant armour
Potions
 d - a potion of might
 e - a potion of lignification
 g - a potion of cancellation
 h - 2 potions of curing
 m - a potion of attraction
 q - a potion of flight
 s - a potion of heal wounds {unknown}


   Skills:
 * Level 5.1 Fighting
 * Level 5.4 Long Blades
 * Level 2.9 Armour
 * Level 0.3 Dodging
 * Level 2.8 Shields


You had 5 spell levels left.
You didn't know any spells.
Your spell library was empty.

Dungeon Overview and Level Annotations

Branches:
Dungeon (5/15)
 Temple: D:4-7

Altars:
Kikubaaqudgha
Makhleb
Sif Muna
Yredelemnul
Zin


Innate Abilities, Weirdness & Mutations

You sometimes gain power by taking damage.


Message History

The ogre is severely wounded.
The adder skeleton closely misses you.
You riposte.
You hit the adder skeleton.
The adder skeleton is heavily damaged.
You block the ogre's attack.
The adder skeleton bites you but does no damage.
You hit the ogre.
The ogre is almost dead.
You block the ogre's attack.
The adder skeleton bites you but does no damage.
You barely miss the ogre.
The ogre is almost dead.
The ogre hits you with a +0 giant club!
* * * LOW HITPOINT WARNING * * *
The adder skeleton bites you but does no damage.
You barely miss the ogre.
The ogre is almost dead.
The adder skeleton bites you.
* * * LOW HITPOINT WARNING * * *
The ogre hits you with a +0 giant club!
You die...

#.# .. ##########.#
#.......# #..........#
#.......#
##.##############.......#
#.# ....#.......# #.#
####..........# ##.######
#.............#
#.......#.###..O........#
#######.#......Z@<.......
#.######.........#. #.#
#.........# #.#
.....#####.# #.# .......#
# #.#........#
#.#........#
#######.#........#
#.......#


You could see an ogre and an adder skeleton.

Vanquished Creatures
  Sigmund (D:2)
  A phantom (D:3)
  An ogre (D:3)
  4 gnolls (D:2)
  5 adders
  An adder skeleton (D:4)
  3 worms (D:3)
  2 dart slugs
  A leopard gecko (D:3)
  An orc (D:4)
  3 giant cockroaches
  3 goblins
  2 hobgoblins (D:1)
  16 jackals
  3 quokkas
  6 bats
  A frilled lizard (D:1)
  5 kobolds
  8 rats
67 creatures vanquished.

Vanquished Creatures (others)
  3 plants (D:4)
3 creatures vanquished.

Grand Total: 70 creatures vanquished

Notes
Turn   | Place    | Note
-------+----------+-------------------------------------------
     0 | D:1      | Amaterasu the Demonspawn Fighter began the quest for the
                  | Orb.
     0 | D:1      | Reached XP level 1. HP: 18/18 MP: 1/1
   124 | D:1      | Gained mutation: You sometimes gain a little power by
                  | taking damage. [demonic ancestry]
   124 | D:1      | Reached XP level 2. HP: 14/24 MP: 2/2
   746 | D:1      | Reached XP level 3. HP: 28/30 MP: 3/3
  1772 | D:2      | Gained mutation: You sometimes gain power by taking damage.
                  | [demonic ancestry]
  1772 | D:2      | Reached XP level 4. HP: 37/37 MP: 4/4
  1789 | D:2      | Noticed Sigmund
  1802 | D:2      | Killed Sigmund
  1803 | D:2      | Reached XP level 5. HP: 33/43 MP: 5/5
  1930 | D:2      | Found a faded altar of an unknown god.
  2079 | D:2      | Reached XP level 6. HP: 34/50 MP: 6/6
  2393 | D:3      | You fall into a shaft and drop 2 floors!
  2393 | D:5      | Entered Level 5 of the Dungeon
  2440 | D:4      | Reached skill level 5 in Fighting
  2867 | D:3      | Found a glowing silver altar of Zin.
  2937 | D:3      | Reached skill level 5 in Long Blades
  3563 | D:3      | Found a basalt altar of Yredelemnul.
  3570 | D:3      | Found a shimmering blue altar of Sif Muna.
  3570 | D:3      | Found an ancient bone altar of Kikubaaqudgha.
  3577 | D:3      | Found a burning altar of Makhleb.
  3581 | D:3      | Became a worshipper of Makhleb the Destroyer
  3815 | D:4      | Slain by an ogre

Illustrated notes

Levels and vault maps discovered:
D:1:      nzn_arrival_depleted_hourglass, layout_basic, minmay_split_cup_small
D:2:      layout_basic, chequers_ecumenical_altar_twisty, amethyst_killhole,
          uniq_sigmund
D:3:      layout_basic, old_standard_altar, minitemple
D:4:      layout_basic, minmay_temple_entry_overgrown, serial_rivers,
          chequers_serial_rivers_micro_d, chequers_serial_rivers_micro_d,
          chequers_serial_rivers_large_a, chequers_serial_rivers_micro_d,
          uniq_duvessa
D:5:      layout_basic, grunt_ministairs_4

Skill      XL: |  1  2  3  4  5  6 |
---------------+-------------------+-----
Long Blades    | 2 4 5 |  5.4
Fighting       | 4 5 |  5.1
Armour         | |  2.9
Dodging        | |  0.3
Shields        | |  2.8

Action                   |  1- 3 |  4- 6 || total
-------------------------+-------+-------++-------
Melee: Long sword        |   113 |   105 ||   218
  Use: Scroll            |     4 |    11 ||    15
       Potion            |       |     2 ||     2
Armor: Scale mail        |    76 |    24 ||   100
Dodge: Dodged            |    45 |    23 ||    68
Block: Kite shield       |    62 |    40 ||   102
       Rpst.: Long sword |    18 |    10 ||    28
